 Dungeon Crawl Stone Soup version 0.27-a0-1202-ge72e49191c (webtiles) character file.

Game seed: 498212609869758216

77 reriks the Skirmisher (level 4, -1/37 HPs)
             Began as a Formicid Abyssal Knight on June 2, 2021.
             Was a Believer of Lugonu.
             Slain by an orc wizard
             ... wielding a +0 whip
              (5 damage)
             ... on level 3 of the Dungeon.
             The game lasted 00:02:36 (2521 turns).

reriks the Skirmisher (Formicid Abyssal Knight)     Turns: 2521, Time: 00:02:37

Health: -1/37      AC:  3    Str: 18    XL:     4   Next: 58%
Magic:  6/6        EV:  8    Int: 11    God:    Lugonu [**....]
Gold:   167        SH:  7    Dex: 10    Spells: 3/3 levels left

rFire    . . .     SeeInvis +   a - +1 falchion
rCold    . . .     Faith    .   h - +0 kite shield
rNeg     . . .     Spirit   .   b - +0 leather armour
rPois    .         Reflect  .   (helmet unavailable)
rElec    .         Harm     .   (no cloak)
rCorr    .         Rampage  .   (no gloves)
Will     .....                  (no boots)
Stlth    +.........             (no amulet)
HPRegen  0.12/turn              (no ring)
MPRegen  0.10/turn              (no ring)

@: no status effects
A: permanent stasis, dig shafts and tunnels, antennae 3, four strong arms
a: Dig, Shaft Self, Renounce Religion, Depart the Abyss, Bend Space


You were on level 3 of the Dungeon.
You worshipped Lugonu.
Lugonu was pleased with you.
You visited 1 branch of the dungeon, and saw 3 of its levels.
You visited the Abyss 1 time.

You collected 167 gold pieces.

Inventory:

Hand Weapons
 a - a +1 falchion (weapon)
Armour
 b - a +0 leather armour (worn)
 h - a +0 kite shield (worn)
Scrolls
 c - a scroll of teleportation {unknown}
 f - a scroll of amnesia
 j - a scroll of enchant armour {unknown}
Potions
 d - 2 potions of invisibility {unknown}
 g - a potion of ambrosia {unknown}
 i - a potion of heal wounds {unknown}


   Skills:
 + Level 3.8 Fighting
 + Level 2.6 Long Blades
 + Level 2.8 Armour
 + Level 1.6 Dodging
 + Level 3.1 Invocations


You had 3 spell levels left.
You didn't know any spells.
Your spell library contained the following spells:

 Spells                   Type           Power      Damage    Failure   Level
 Confusing Touch          Hex            0%         N/A       100%        3
 Gell's Gravitas          Tloc           0%         N/A       100%        3
 Petrify                  Tmut/Erth      0%         N/A       100%        4
 Metabolic Englaciation   Hex/Ice        0%         N/A       100%        5
 Yara's Violent Unravell  Hex/Tmut       0%         3d3       100%        5


Dungeon Overview and Level Annotations

Branches:
Dungeon (3/15)

Altars:


Innate Abilities, Weirdness & Mutations

You cannot be hasted, slowed, berserked, paralysed or teleported.
You can dig through walls and to a lower floor.
You have a pair of large antennae on your head. (SInv)
Your four strong arms can wield two-handed weapons with a shield.


Message History

You block the orc's attack.
The orc wizard shouts!
You hit the orc.
The orc is heavily wounded.
The orc hits you with a +0 mace.
* * * LOW HITPOINT WARNING * * *
Okay, then.
You feel better. The orc hits you but does no damage.
You feel better. The orc hits you but does no damage.
You barely miss the orc.
The orc is heavily wounded.
The orc wizard points at you and mumbles some strange words.
The magic dart hits you.
The orc zaps a wand.
The bolt of acid misses you.
The orc wizard gestures at you while chanting.
You resist with some effort. The orc hits you with a +0 mace.
* * * LOW HITPOINT WARNING * * *
You hit the orc.
You kill the orc!
Lugonu accepts your kill. The orc wizard completely misses you.
You riposte.
You hit the orc wizard but do no damage.
The orc wizard hits you but does no damage.
You barely miss the orc wizard. The orc wizard hits you with a +0 whip.
* * * LOW HITPOINT WARNING * * *
You hit the orc wizard but do no damage.
The orc wizard casts a spell at itself.
The orc wizard flickers and vanishes for a moment.
The orc wizard hits you with a +0 whip.
* * * LOW HITPOINT WARNING * * *
You slash the orc wizard!
The orc wizard is heavily wounded.
You block the orc wizard's attack.
You hit the orc wizard but do no damage.
The orc wizard is heavily wounded.
The orc wizard barely misses you.
You riposte.
You closely miss the orc wizard.
The orc wizard is heavily wounded.
You hit the orc wizard.
The orc wizard is severely wounded.
The orc wizard barely misses you. The orc wizard hits you with a +0 whip.
You die...

,,,,,,,,,,,,,#.#.* #.........
##########**,#.#.# #.........
#.........,*,*,#.# #......>..
#.########,*,*,#.# #.........
.......#**,*,#,#.# ##########
#.####..#*,*,#.#.# #....... #.#
**,**,*,#.#.#### #.......
#.#####.##.#,#..))..# #.......
#<...).....#,###@##.######.......
#.######.###,* #o##......'.......
#.........,,,* #.##..#####.......
#########.*****#.##..# #.......
.,,,,,,,,,,,,,,......# #.......
##********,****#.###.# #.......
*,,* #.#,..# ######## *******
**,** #.#,..# ********* *,,,,,*
*,,* *,*,..#***,,,,,,,,


You could see an orc wizard (invisible).

Vanquished Creatures
  An adder (D:2)
  A worm (D:3)
  4 dart slugs
  3 orcs (D:3)
  3 endoplasms
  A giant cockroach (D:1)
  6 goblins
  A hobgoblin (D:3)
  4 jackals
  A quokka (D:2)
  8 ball pythons
  10 bats
  4 frilled lizards
  3 kobolds
  A rat (D:3)
51 creatures vanquished.

Notes
Turn   | Place    | Note
-------+----------+-------------------------------------------
     0 | Abyss:1  | reriks the Formicid Abyssal Knight began the quest for the
                  | Orb.
     0 | Abyss:1  | Reached XP level 1. HP: 18/18 MP: 2/2
    93 | Abyss:2  | Noticed a small abomination
    96 | D:1      | Escaped the Abyss
   112 | D:1      | Reached * piety under Lugonu
   113 | D:1      | Reached skill level 1 in Dodging
   208 | D:1      | Reached XP level 2. HP: 24/24 MP: 3/3
   463 | D:1      | Found a faded altar of an unknown god.
   651 | D:2      | Reached XP level 3. HP: 29/29 MP: 4/4
  1557 | D:2      | Reached XP level 4. HP: 37/37 MP: 6/6
  1972 | D:3      | Reached ** piety under Lugonu
  2521 | D:3      | Slain by an orc wizard

Illustrated notes

Levels and vault maps discovered:
D:1:      dpeg_arrival_pond, layout_rooms, ebering_ecumenical_altar_sacrificial
D:2:      layout_loops_ring
D:3:      layout_basic, guppyfry_early_orc_mine

Skill      XL: |  1  2  3  4 |
---------------+-------------+-----
Dodging        | 1 |  1.6
Invocations    | 3 |  3.1
Fighting       | |  3.8
Long Blades    | |  2.6
Armour         | |  2.8

Action                   |  1- 3 |  4- 6 || total
-------------------------+-------+-------++-------
Melee: Falchion          |    67 |    56 ||   123
Invok: Depart the Abyss  |     1 |       ||     1
  Use: Scroll            |       |     3 ||     3
       Potion            |       |     2 ||     2
Armor: Leather armour    |    32 |    13 ||    45
Dodge: Dodged            |    72 |    20 ||    92
Block: Kite shield       |       |     9 ||     9
       Rpst.: Falchion   |    24 |     5 ||    29

Table legend: (Time is in decaauts)
 A = Elapsed time spent in this place.
 B = Non-inter-level travel time spent in this place.
 C = Inter-level travel time spent in this place.
 D = Time resting spent in this place.
 E = Time spent auto-exploring this place.
 F = Levels seen in this place.
 G = Mean time per level.
                   A        B        C        D        E       F      G
               +--------+--------+--------+--------+--------+-----+--------+
         Total |   2550 |   2517 |     33 |    689 |   1434 |   5 |  510.0 |
       Dungeon |   2454 |   2421 |     33 |    689 |   1400 |   3 |  818.0 |
         Abyss |     96 |     96 |      0 |      0 |     34 |   2 |   48.0 |
               +--------+--------+--------+--------+--------+-----+--------+

Top non-repeatable levels by time:
     D:2: 1096 daAuts
     D:3: 801 daAuts
     D:1: 556 daAuts
 Abyss:1: 73 daAuts
 Abyss:2: 23 daAuts
